 Dungeon Crawl Stone Soup version 0.27.0-1-g7a089689b8 (webtiles) character file.

Game seed: 14404704748595456407

7851 PBDoughboyy the Thaumaturge (level 11, -12/85 HPs)
             Began as a Gnoll Warper on Aug 5, 2021.
             Was an Elder of Qazlal.
             Mangled by a centaur warrior (14 damage)
             ... on level 9 of the Dungeon on Aug 6, 2021.
             The game lasted 01:05:20 (10541 turns).

PBDoughboyy the Thaumaturge (Gnoll Warper)         Turns: 10541, Time: 01:05:21

Health: -12/85     AC: 10    Str: 10    XL:     11   Next: 21%
Magic:  22/23      EV: 13    Int: 20    God:    Qazlal [****..]
Gold:   389        SH:  5    Dex: 16    Spells: 13/26 levels left

rFire    . . .     SeeInvis .   K - +5 long sword of Equivalence {drain, Dex+2}
rCold    . . .     Faith    .   (no shield)
rNeg     . . .     Spirit   .   f - +0 ring mail
rPois    .         Reflect  .   L - +0 helmet
rElec    .         Harm     .   H - +0 cloak
rCorr    .         Rampage  .   (no gloves)
Will     .....                  e - +0 pair of boots
Stlth    ++........             k - amulet of regeneration
HPRegen  1.24/turn              I - +6 ring of intelligence
MPRegen  0.18/turn              (no ring)

@: repel missiles
A: fangs 1, strong nose, distributed training
a: Renounce Religion, Upheaval, Elemental Force


You were on level 9 of the Dungeon.
You worshipped Qazlal.
Qazlal was greatly pleased with you.
You visited 3 branches of the dungeon, and saw 12 of its levels.
You also visited: Ossuary.

You collected 389 gold pieces.

Inventory:

Hand Weapons
 j - a +4 vampiric whip
 K - the +5 long sword of Equivalence (weapon) {drain, Dex+2}
   (You found it on level 7 of the Dungeon)

   A truly terrible weapon, it drains the life of any living foe it strikes.
   Dex:       It affects your dexterity (+2).
Missiles
 l - 86 poisoned darts (quivered)
 w - a throwing net
Armour
 e - a +0 pair of boots (worn)
 f - a +0 ring mail (worn)
 n - a +0 tower shield
 H - a +0 cloak (worn)
 L - a +0 helmet (worn)
Jewellery
 k - an amulet of regeneration (around neck)
 I - a +6 ring of intelligence (left hand)
Wands
 r - a wand of iceblast (24)
 s - a wand of charming (6)
Scrolls
 b - a scroll of amnesia {unknown}
 c - a scroll of blinking
 d - a scroll of torment {unknown}
 i - a scroll of silence {unknown}
 m - 2 scrolls of fear {unknown}
 p - 3 scrolls of vulnerability {unknown}
 u - 2 scrolls of fog {unknown}
 v - 5 scrolls of teleportation
 y - 3 scrolls of immolation
 C - 2 scrolls of magic mapping {unknown}
 D - 2 scrolls of enchant armour {unknown}
 E - a scroll of holy word {unknown}
 M - 2 scrolls of brand weapon {unknown}
Potions
 a - a potion of resistance
 g - 3 potions of lignification
 h - 2 potions of flight
 o - 4 potions of mutation
 q - a potion of ambrosia
 t - 2 potions of might
 x - 3 potions of brilliance
 z - 2 potions of attraction
 A - 2 potions of haste
 B - 3 potions of curing
 F - a potion of cancellation
 G - 2 potions of magic
 J - 2 potions of heal wounds


   Skills:
 + Level 7.7 Fighting
 + Level 6.1 Short Blades
 + Level 7.7 Long Blades
 + Level 6.1 Axes
 + Level 6.1 Maces & Flails
 + Level 6.1 Polearms
 + Level 6.1 Staves
 + Level 6.1 Slings
 + Level 6.1 Bows
 + Level 6.1 Crossbows
 + Level 6.6 Throwing
 + Level 6.6 Armour
 + Level 7.7 Dodging
 + Level 6.1 Stealth
 + Level 6.1 Shields
 + Level 6.1 Unarmed Combat
 + Level 8.0 Spellcasting
 + Level 5.0 Conjurations
 + Level 5.0 Hexes
 + Level 5.0 Summonings
 + Level 5.0 Necromancy
 + Level 7.5 Translocations
 + Level 5.0 Transmutations
 + Level 5.0 Fire Magic
 + Level 5.0 Ice Magic
 + Level 5.0 Air Magic
 + Level 5.0 Earth Magic
 + Level 5.0 Poison Magic
 + Level 6.6 Invocations
 + Level 6.1 Evocations


You had 13 spell levels left.
You knew the following spells:

 Your Spells              Type           Power      Damage    Failure   Level
a - Blink                 Tloc           N/A        N/A       1%          2
b - Teleport Other        Tloc           38%        N/A       2%          3
c - Ignite Poison         Fire/Tmut/Pois 28%        N/A       8%          3
d - Passwall              Tmut/Erth      23%        N/A       3%          2
e - Lesser Beckoning      Tloc           19%        N/A       2%          3

Your spell library contained the following spells:

 Spells                   Type           Power      Damage    Failure   Level
 Gell's Gravitas          Tloc           19%        N/A       2%          3
 Sublimation of Blood     Necr           14%        N/A       3%          2
 Wereblood                Tmut           28%        N/A       3%          2
 Conjure Flame            Conj/Fire      28%        6-21      8%          3
 Swiftness                Air            28%        N/A       8%          3
 Sticky Flame             Conj/Fire      28%        2d5       24%         4
 Manifold Assault         Tloc           38%        N/A       24%         5
 Invisibility             Hex            14%        N/A       98%         6
 Summon Hydra             Summ           14%        N/A       100%        7


Dungeon Overview and Level Annotations

Branches:
Dungeon (10/15)            Temple (1/1) D:4            Lair (1/6) D:8
Ossuary (visited)
    Orc: D:9-12

Altars:
Ashenzari
Dithmenos
Elyvilon
Fedhas
Gozag
Hepliaklqana
Kikubaaqudgha
Makhleb
Nemelex Xobeh
Okawaru
Qazlal
Ru
Sif Muna
Trog
Uskayaw
Vehumet
Wu Jian
Xom
Yredelemnul
Zin
The Shining One

Shops:
D:9 *

Annotations:
D:3 3 runed translucent doors, SnakkuSnakku7's ghost, amateur PaCK
Lair:1 1 transporter


Innate Abilities, Weirdness & Mutations

You have very sharp teeth.
Your uncanny sense of smell can sniff out nearby items.
Your experience applies equally to all skills.


Message History

The centaur warrior closely misses you.
You riposte.
You hit the centaur warrior.
The centaur warrior is moderately wounded.
The centaur warrior kicks you.
You barely miss the centaur warrior.
You bite the centaur warrior, but do no damage.
The centaur warrior is moderately wounded.
You block the centaur warrior's attack.
The centaur warrior kicks you but does no damage.
Unknown command.
You hit the centaur warrior but do no damage.
You punch the centaur warrior, but do no damage.
The centaur warrior is moderately wounded.
The centaur warrior hits you with a +2 long sword of protection.
You block the centaur warrior's attack. The centaur warrior barely misses you.
You riposte.
You slash the centaur warrior! You drain the centaur warrior.
The centaur warrior is heavily wounded.
The centaur warrior kicks you but does no damage.
You slash the centaur warrior! You drain the centaur warrior.
The centaur warrior is severely wounded.
The centaur warrior hits you with a +2 long sword of protection!
The centaur warrior kicks you.
The centaur warrior hits you with a +2 long sword of protection!
* * * LOW HITPOINT WARNING * * *
The centaur warrior kicks you.
* * * LOW HITPOINT WARNING * * *
You hit the centaur warrior.
You bite the centaur warrior, but do no damage.
The centaur warrior is almost dead.
The centaur warrior hits you with a +2 long sword of protection!
* * * LOW HITPOINT WARNING * * *
The centaur warrior closely misses you.
Unknown command.
You feel better.
The centaur warrior hits you with a +2 long sword of protection!
* * * LOW HITPOINT WARNING * * *
The centaur warrior kicks you.
* * * LOW HITPOINT WARNING * * *
The centaur warrior hits you with a +2 long sword of protection!
You die...

........## #.##
.........# #..#
........## #..##
........# ##...#
........# #....##
.......## #.....#
....####
##.°§..####### ###
#####
#>c.○........###.##
#†@...(...........#
##☼.☼.............##
#....°<..........##
#.......[.......##
##................#
#....#............##
#....#.............#
##...##....##.......#
#....#....####..#####


You could see a centaur warrior (strong, drained).

Vanquished Creatures
  A centaur warrior (D:9)
  3 two-headed ogres
  Joseph (D:9)
  Sigmund (D:2)
  A vampire mosquito (D:8)
  6 black bears
  4 orc warriors
  A sky beast (D:6)
  6 ogres
  2 centaurs
  2 kobold brigands
  5 bullfrogs
  A water moccasin skeleton (D:4)
  14 wights
  8 killer bees
  2 howler monkeys (D:9)
  2 electric eels (D:7)
  2 centaur zombies (Ossuary)
  3 jellies
  2 gnoll shamans
  7 orc priests
  Crazy Yiuf (D:5)
  3 hounds
  3 centaur skeletons
  Ijyb (D:3)
  An iguana (D:6)
  Terence (D:2)
  10 orc wizards
  2 killer bee zombies
  2 hound skeletons (D:5)
  5 mummies (Ossuary)
  2 howler monkey zombies
  9 gnolls
  7 adders
  A howler monkey skeleton (D:7)
  A shadow imp (D:5)
  2 white imps
  A worm (D:2)
  3 dart slugs
  33 orcs
  6 ball pythons
  4 bats
  9 endoplasms
  5 giant cockroaches
  3 goblins
  3 hobgoblins
  3 jackals (D:1)
  6 quokkas
  6 frilled lizards
  2 goblin zombies (Ossuary)
  2 hobgoblin zombies (Ossuary)
  A jackal zombie (D:5)
  17 kobolds
  A kobold zombie (Ossuary)
  An orc zombie (Ossuary)
  4 rats
235 creatures vanquished.

Vanquished Creatures (others)
  2 plants (D:8)
2 creatures vanquished.

Grand Total: 237 creatures vanquished

Notes
Turn   | Place    | Note
-------+----------+-------------------------------------------
     0 | D:1      | PBDoughboyy the Gnoll Warper began the quest for the Orb.
     0 | D:1      | Reached XP level 1. HP: 20/20 MP: 6/6
   363 | D:1      | Reached XP level 2. HP: 24/26 MP: 7/7
   580 | D:1      | Reached XP level 3. HP: 31/31 MP: 9/9
   583 | D:1      | Learned a level 2 spell: Blink
   596 | D:1      | Reached skill level 5 in Spellcasting
  1193 | D:2      | Reached skill level 1 in Invocations
  1446 | D:2      | Noticed Terence
  1461 | D:2      | HP: 2/46 [Terence (7)]
  1466 | D:2      | Killed Terence
  1467 | D:2      | Reached skill level 1 in Short Blades
  1467 | D:2      | Reached skill level 1 in Axes
  1467 | D:2      | Reached skill level 1 in Maces & Flails
  1467 | D:2      | Reached skill level 1 in Polearms
  1467 | D:2      | Reached skill level 1 in Staves
  1467 | D:2      | Reached skill level 1 in Slings
  1467 | D:2      | Reached skill level 1 in Bows
  1467 | D:2      | Reached skill level 1 in Crossbows
  1467 | D:2      | Reached skill level 1 in Stealth
  1467 | D:2      | Reached skill level 1 in Shields
  1467 | D:2      | Reached skill level 1 in Unarmed Combat
  1467 | D:2      | Reached skill level 1 in Evocations
  1467 | D:2      | Reached XP level 4. HP: 16/38 MP: 11/11
  1883 | D:2      | Found an ancient bone altar of Kikubaaqudgha.
  2076 | D:2      | Reached skill level 1 in Conjurations
  2076 | D:2      | Reached skill level 1 in Hexes
  2076 | D:2      | Reached skill level 1 in Summonings
  2076 | D:2      | Reached skill level 1 in Necromancy
  2076 | D:2      | Reached skill level 1 in Transmutations
  2076 | D:2      | Reached skill level 1 in Fire Magic
  2076 | D:2      | Reached skill level 1 in Ice Magic
  2076 | D:2      | Reached skill level 1 in Air Magic
  2076 | D:2      | Reached skill level 1 in Earth Magic
  2076 | D:2      | Reached skill level 1 in Poison Magic
  2212 | D:2      | Noticed Sigmund
  2326 | D:3      | Noticed Ijyb
  2327 | D:3      | Found a runed translucent gate.
  2344 | D:3      | Killed Ijyb
  2345 | D:3      | Reached XP level 5. HP: 42/43 MP: 12/12
  2346 | D:3      | Found a runed translucent gate.
  2353 | D:3      | Found a runed translucent gate.
  2353 | D:3      | Noticed SnakkuSnakku7's ghost (amateur PaCK)
  2956 | D:4      | Noticed a black bear
  2977 | D:4      | HP: 2/43 [black bear (5)]
  2981 | D:4      | Killed a black bear
  2982 | D:4      | Reached XP level 6. HP: 8/50 MP: 14/14
  3020 | D:4      | HP: 2/50 [acid (10)]
  3063 | D:4      | Reached skill level 5 in Fighting
  3063 | D:4      | Reached skill level 5 in Long Blades
  3063 | D:4      | Reached skill level 5 in Dodging
  3578 | D:4      | Found a staircase to the Ecumenical Temple.
  3584 | Temple   | Entered the Ecumenical Temple
  3675 | Temple   | Became a worshipper of Qazlal Stormbringer
  3813 | D:5      | Entered Level 5 of the Dungeon
  3982 | D:5      | Reached XP level 7. HP: 40/56 MP: 15/15
  4007 | D:5      | Found a sand-covered staircase.
  4016 | Ossuary  | Entered an ossuary
  4105 | Ossuary  | Learned a level 3 spell: Teleport Other
  4285 | D:5      | Reached * piety under Qazlal
  4592 | D:5      | Reached XP level 8. HP: 55/63 MP: 16/16
  5002 | D:5      | Found a runed translucent door.
  5003 | D:5      | Noticed Crazy Yiuf
  5020 | D:5      | Killed Crazy Yiuf
  5305 | D:5      | Reached skill level 6 in Spellcasting
  5595 | D:6      | Reached ** piety under Qazlal
  5663 | D:6      | Reached XP level 9. HP: 63/69 MP: 18/18
  6469 | D:2      | Killed Sigmund
  6578 | D:7      | Reached skill level 5 in Throwing
  6578 | D:7      | Reached skill level 5 in Armour
  6928 | D:7      | Identified the +5 long sword of Equivalence {drain, Dex+2}
  7225 | D:7      | Reached skill level 5 in Invocations
  7625 | D:8      | Reached *** piety under Qazlal
  7644 | D:8      | Reached skill level 7 in Spellcasting
  7662 | D:8      | Reached XP level 10. HP: 76/77 MP: 20/20
  7840 | D:8      | Reached skill level 5 in Short Blades
  7840 | D:8      | Reached skill level 5 in Axes
  7840 | D:8      | Reached skill level 5 in Maces & Flails
  7840 | D:8      | Reached skill level 5 in Polearms
  7840 | D:8      | Reached skill level 5 in Staves
  7840 | D:8      | Reached skill level 5 in Slings
  7840 | D:8      | Reached skill level 5 in Bows
  7840 | D:8      | Reached skill level 5 in Crossbows
  7840 | D:8      | Reached skill level 5 in Stealth
  7840 | D:8      | Reached skill level 5 in Shields
  7840 | D:8      | Reached skill level 5 in Unarmed Combat
  7840 | D:8      | Reached skill level 5 in Evocations
  8379 | D:8      | Found a staircase to the Lair.
  8395 | Lair:1   | Entered Level 1 of the Lair of Beasts
  8395 | Lair:1   | Found a transporter.
  8593 | D:9      | Noticed a two-headed ogre
  8642 | D:8      | Killed a two-headed ogre
  8760 | D:9      | Noticed Joseph
  8780 | D:9      | Killed Joseph
  9094 | D:9      | Learned a level 3 spell: Ignite Poison
  9105 | D:9      | Learned a level 2 spell: Passwall
  9151 | D:9      | Noticed a two-headed ogre
  9262 | D:9      | Killed a two-headed ogre
  9525 | D:9      | Found Zin's Purification Station.
  9535 | D:9      | Found a glowing silver altar of Zin.
  9570 | D:9      | Noticed a centaur warrior
  9985 | D:9      | Reached **** piety under Qazlal
 10089 | D:9      | Killed a centaur warrior
 10090 | D:9      | Reached XP level 11. HP: 54/84 MP: 22/22
 10340 | D:10     | Entered Level 10 of the Dungeon
 10340 | D:10     | Noticed a two-headed ogre
 10400 | D:10     | Noticed a centaur warrior
 10452 | D:9      | Killed a two-headed ogre
 10453 | D:9      | Reached skill level 8 in Spellcasting
 10453 | D:9      | Reached skill level 5 in Conjurations
 10453 | D:9      | Reached skill level 5 in Hexes
 10453 | D:9      | Reached skill level 5 in Summonings
 10453 | D:9      | Reached skill level 5 in Necromancy
 10453 | D:9      | Reached skill level 5 in Transmutations
 10453 | D:9      | Reached skill level 5 in Fire Magic
 10453 | D:9      | Reached skill level 5 in Ice Magic
 10453 | D:9      | Reached skill level 5 in Air Magic
 10453 | D:9      | Reached skill level 5 in Earth Magic
 10453 | D:9      | Reached skill level 5 in Poison Magic
 10517 | D:9      | Learned a level 3 spell: Lesser Beckoning
 10541 | D:9      | HP: 4/85 [centaur warrior (11)]
 10541 | D:9      | Mangled by a centaur warrior

Illustrated notes

Levels and vault maps discovered:
D:1:      matt_arrival_grand_opening, layout_loops_ring, minmay_close_crescents
D:2:      layout_loops_corners, basic_altar, minmay_misc_feat_diagonals,
          kennysheep_generic_room_9, uniq_terence, uniq_sigmund
D:3:      layout_rooms, gammafunk_ghost_split, grunt_ministairs_2,
          moated_statue, uniq_ijyb
D:4:      layout_basic, minmay_temple_entry_enclosed_plants,
          grunt_ministairs_10, serial_park_tiny_pond, fountainhead
D:5:      black_bear_nest_1, layout_basic, enter_ossuary_3, minmay_between,
          uniq_crazy_yiuf_cottage
D:6:      layout_basic
D:7:      layout_basic, nicolae_lava_and_water
D:8:      layout_basic, grunt_lair_entry_orc_guard_hut, minmay_small_thing
D:9:      layout_cave_pods, zin_purify, kennysheep_nub, minmay_misc_feat_rows,
          hangedman_decor_clover_reticule, uniq_joseph
D:10:     layout_cave_pools, uniq_fannar
Temple:   regret_index_temple_sigil_plot
Lair:1:   gammafunk_cloud_chamber, layout_regular_city,
          minmay_lair_oklob_chamber

Skill      XL: |  1  2  3  4  5  6  7  8  9 10 11 |
---------------+----------------------------------+-----
Spellcasting   | 5 6 7 8 |  8.0
Invocations    | 1 2 3 4 5 6 |  6.6
Short Blades   | 1 2 3 4 5 6 |  6.1
Axes           | 1 2 3 4 5 6 |  6.1
Maces & Flails | 1 2 3 4 5 6 |  6.1
Polearms       | 1 2 3 4 5 6 |  6.1
Staves         | 1 2 3 4 5 6 |  6.1
Slings         | 1 2 3 4 5 6 |  6.1
Bows           | 1 2 3 4 5 6 |  6.1
Crossbows      | 1 2 3 4 5 6 |  6.1
Stealth        | 1 2 3 4 5 6 |  6.1
Shields        | 1 2 3 4 5 6 |  6.1
Unarmed Combat | 1 2 3 4 5 6 |  6.1
Evocations     | 1 2 3 4 5 6 |  6.1
Conjurations   | 1 2 3 4 5 |  5.0
Hexes          | 1 2 3 4 5 |  5.0
Summonings     | 1 2 3 4 5 |  5.0
Necromancy     | 1 2 3 4 5 |  5.0
Transmutations | 1 2 3 4 5 |  5.0
Fire Magic     | 1 2 3 4 5 |  5.0
Ice Magic      | 1 2 3 4 5 |  5.0
Air Magic      | 1 2 3 4 5 |  5.0
Earth Magic    | 1 2 3 4 5 |  5.0
Poison Magic   | 1 2 3 4 5 |  5.0
Throwing       | 3 4 5 6 |  6.6
Armour         | 3 4 5 6 |  6.6
Fighting       | 5 6 7 |  7.7
Long Blades    | 5 6 7 |  7.7
Dodging        | 5 6 7 |  7.7
Translocations | 6 7 |  7.5

Action                   |  1- 3 |  4- 6 |  7- 9 | 10-12 || total
-------------------------+-------+-------+-------+-------++-------
Melee: Dagger            |    26 |       |       |       ||    26
       Falchion          |     8 |       |       |       ||     8
       Bite              |    10 |    17 |    46 |    28 ||   101
       Whip              |   107 |   189 |   414 |       ||   710
       Punch             |       |     1 |     6 |     3 ||    10
       Long sword        |       |       |    69 |   166 ||   235
Throw: Dart              |       |     8 |   112 |   125 ||   245
       Boomerang         |       |     5 |       |       ||     5
 Cast: Lesser Beckoning  |       |       |       |     1 ||     1
Evoke: Wand              |       |       |     1 |       ||     1
  Use: Potion            |     4 |       |       |     1 ||     5
       Scroll            |     3 |       |     8 |     1 ||    12
 Stab: Sleeping          |     2 |     5 |     2 |       ||     9
Armor: Leather armour    |    29 |    40 |    98 |       ||   167
       Skin              |     2 |       |       |       ||     2
       Ring mail         |       |       |    19 |    78 ||    97
Dodge: Dodged            |    86 |   127 |   278 |   157 ||   648
Block: Other             |       |       |    28 |    53 ||    81
       Rpst.: Falchion   |     1 |       |       |       ||     1
       Long sword        |       |       |    10 |    34 ||    44
